 Dungeon Crawl Stone Soup version 0.32-a0-599-gba8f9cf90e (webtiles) character file.

Game seed: 11330422859290558452

1287 CougarLife the Digger (level 8, -2/41 HPs)
             Began as a Gargoyle Earth Elementalist on Mar 2, 2024.
             Was an Initiate of Vehumet.
             Slain by a gnoll
             ... wielding a +0 heavy flail
             ... led by a gnoll bouda
              (12 damage)
             ... on level 5 of the Dungeon.
             The game lasted 00:05:46 (4851 turns).

CougarLife the Digger (Gargoyle Earth Elementalist) Turns: 4851, Time: 00:05:47

Health: -2/41      AC: 10    Str: 12    XL:     8   Next: 55%
Magic:  2/16       EV: 11    Int: 18    God:    Vehumet [......]
Gold:   167        SH:  0    Dex: 10    Spells: 14/18 levels left

rFire   . . .        m - staff of conjuration
rCold   . . .        (no shield)
rNeg    + . .        a - +0 robe
rPois   ∞            b - +0 helmet
rElec   +            j - +1 cloak
rCorr   .            (no gloves)
SInv    .            (no boots)
Will    .....        (no amulet)
Stlth   ++           (no ring)
HPRegen 0.26/turn    (no ring)
MPRegen 0.15/turn

%: no passive effects
@: no status effects
A: sickness immunity, AC +5, negative energy resistance 1, electricity
resistance, torment resistance 1, petrification resistance
a: Renounce Religion


You were on level 5 of the Dungeon.
You worshipped Vehumet.
Vehumet was noncommittal.
You visited 1 branch of the dungeon, and saw 5 of its levels.

You collected 167 gold pieces.

Inventory:

Hand Weapons
 i - the +0 short sword of the Swamp {venom, rF++}
   (You found it on level 3 of the Dungeon)

   rF++:      It greatly protects you from fire.
Missiles
 k - a curare-tipped dart
Armour
 a - a +0 robe (worn)
 b - a +0 helmet (worn)
 j - a +1 cloak (worn)
Magical Staves
 m - a staff of conjuration (weapon)
Wands
 h - a wand of paralysis (6)
Scrolls
 g - 2 scrolls of teleportation {unknown}
 n - a scroll of fog {unknown}
 p - a scroll of identify {unknown}
Potions
 c - a potion of ambrosia {unknown}
 d - a potion of brilliance {unknown}
 e - 2 potions of curing {unknown}
 l - a potion of enlightenment {unknown}
 o - a potion of haste {unknown}


   Skills:
 - Level 1.5 Dodging
 - Level 2.1 Stealth
 + Level 5.7 Spellcasting
 + Level 6.3 Conjurations
 + Level 7.8 Earth Magic


You had 14 spell levels left.
You knew the following spells:

 Your Spells              Type           Power      Damage    Failure   Level
a - Sandblast             Erth           66%        2d15      1%          1
b - Stone Arrow           Conj/Erth      90%        3d12      1%          3

Your spell library contained the following spells:

 Spells                   Type           Power      Damage    Failure   Level
 Passwall                 Erth           33%        N/A       1%          3
 Brom's Barrelling Bould  Conj/Erth      45%        2d6       7%          4
 Dazzling Flash           Conj/Hex       48%        N/A       10%         3
 Mephitic Cloud           Conj/Alch/Air  19%        N/A       16%         3
 Call Imp                 Summ           10%        N/A       19%         2
 Petrify                  Alch/Erth      19%        N/A       24%         4
 Curse of Agony           Necr           5%         N/A       98%         5
 Silence                  Hex/Air        2%         N/A       98%         5
 Summon Hydra             Summ           2%         N/A       100%        7
 Sublimation of Blood     Necr           Unusable   N/A       N/A         2

Dungeon Overview and Level Annotations

Branches:
Dungeon (5/15)             Temple (0/1) D:4

Altars:
Trog
Vehumet
Xom
Beogh

Shops:
D:4 =


Innate Abilities, Weirdness & Mutations

You are immune to sickness and miasma.
Your stone body is resilient. (AC +5)
You are immune to poison.
You resist negative energy. (rN+)
You are resistant to electric shocks. (rElec)
You are resistant to unholy torment.
You are immune to petrification.


Message History

You hit the gnoll bouda but do no damage.
You blast the gnoll bouda.
The gnoll bouda is moderately wounded.
The gnoll bouda barely misses you.
You closely miss the gnoll bouda.
The gnoll bouda is moderately wounded.
The gnoll bouda hits you with a +0 whip.
You closely miss the gnoll bouda.
The gnoll bouda is moderately wounded.
Your attacks no longer feel as feeble.
The gnoll bouda hits you with a +0 whip!
You completely miss the gnoll bouda.
The gnoll bouda is moderately wounded.
The gnoll bouda barks out a call to the hunt!
The gnoll picks up the pace!
You hit the gnoll bouda but do no damage.
The gnoll bouda is moderately wounded.
The gnoll bouda barely misses you.
The gnoll bouda hits you but does no damage.
Casting: Sandblast (safe; 1% risk of failure)
Confirm with . or Enter, or press ? or * to list all spells.
You don't have enough magic to cast this spell.
Unknown command.
Casting: Sandblast (safe; 1% risk of failure)
Confirm with . or Enter, or press ? or * to list all spells.
Aiming: Sandblast (safe; 1% risk of failure)
Press: ? - help, Shift-Dir - straight line, f/p - gnoll bouda
Aim: a gnoll bouda, wielding a +0 whip and wearing a +0 leather armour (moderately wounded, 86% to hit)
The blast of sand misses the gnoll bouda.
The gnoll hits you but does no damage. The gnoll bouda closely misses you.
You barely miss the gnoll bouda.
The gnoll bouda is moderately wounded.
The gnoll hits you with a +0 heavy flail.
The gnoll bouda closely misses you.
You hit the gnoll bouda but do no damage.
The gnoll bouda is moderately wounded.
The gnoll bouda hits you with a +0 whip!
* * * LOW HITPOINT WARNING * * *
The gnoll hits you with a +0 heavy flail!
You die...

.#####.# .###.#.# ##.....##
#.# .##....## ##.......##
#..##
.###.#..####.........####...#
.#####.....+.................
........####.......... ....#
####.#.## #.......#.# #.).#
#.### #...g.##.# #g#)# #.#
#.@.# #.# #.#†# #.# ##g## #.#
#...# #.# #.# #.# ##..#
####.######### #)# #.# #..#
#............###)## #.####..#
#.##......##.##...###.......#
# ##..##.##.#.......g.....##
#..##.##.##...##########
#..##.##.###.#.#


You could see a gnoll bouda and a gnoll (swift).

Vanquished Creatures
  Edmund (D:4)
  A black bear (D:4)
  A centaur (D:5)
  An ogre (D:4)
  A phantom (D:4)
  A kobold brigand (D:4)
  3 scorpions
  A howler monkey (D:5)
  A bombardier beetle (D:4)
  A hound (D:4)
  A gnoll bouda (D:3)
  A jelly (D:5)
  2 iguanas (D:5)
  An orc wizard (D:4)
  A sleepcap (D:5)
  17 gnolls
  6 adders
  6 ribbon worms
  3 dart slugs
  4 orcs
  5 ball pythons
  3 bats
  10 endoplasms
  4 giant cockroaches
  7 goblins
  5 hobgoblins
  12 jackals
  5 quokkas
  5 kobolds
  7 rats
117 creatures vanquished.

Notes
Turn   | Place    | Note
-------+----------+-------------------------------------------
     0 | D:1      | CougarLife the Gargoyle Earth Elementalist began the quest
                  | for the Orb.
     0 | D:1      | Reached XP level 1. HP: 10/10 MP: 3/3
   218 | D:1      | Reached XP level 2. HP: 12/15 MP: 0/5
   370 | D:1      | Reached skill level 4 in Earth Magic
   482 | D:1      | Reached XP level 3. HP: 19/19 MP: 4/6
  1178 | D:2      | Found a bloodstained altar of Trog.
  1357 | D:2      | Found a roughly hewn altar of Beogh.
  1364 | D:2      | Reached XP level 4. HP: 24/24 MP: 4/8
  1399 | D:2      | Found a faded altar of an unknown god.
  2126 | D:3      | Identified the +0 short sword of the Swamp {venom, rF++}
  2291 | D:3      | Learned a level 3 spell: Stone Arrow
  2324 | D:3      | Reached XP level 5. HP: 26/28 MP: 1/9
  2337 | D:3      | Reached skill level 5 in Earth Magic
  2746 | D:3      | Reached XP level 6. HP: 32/32 MP: 7/11
  3009 | D:4      | Found Itudiy Faim's One-of-a-Kind Rings.
  3198 | D:4      | Noticed a black bear
  3203 | D:4      | Killed a black bear
  3330 | D:4      | Reached skill level 6 in Earth Magic
  3330 | D:4      | Reached XP level 7. HP: 36/36 MP: 6/13
  3438 | D:4      | Noticed Edmund
  3445 | D:4      | Killed Edmund
  3544 | D:4      | Found a shimmering altar of Xom.
  3565 | D:4      | Reached skill level 5 in Conjurations
  3682 | D:4      | Found a radiant altar of Vehumet.
  3733 | D:4      | Became a worshipper of Vehumet
  3828 | D:4      | Found a staircase to the Ecumenical Temple.
  3973 | D:4      | Reached skill level 5 in Spellcasting
  3974 | D:4      | Reached skill level 7 in Earth Magic
  3974 | D:4      | Reached XP level 8. HP: 27/41 MP: 4/15
  4206 | D:5      | Entered Level 5 of the Dungeon
  4851 | D:5      | Slain by a gnoll

Illustrated notes

Levels and vault maps discovered:
D:1:      lightli_iron_boxes, layout_basic, kennysheep_small_spiral,
          serial_bayou_lagoon_b
D:2:      layout_loops_corners, hellmonk_ecumenical_altar_defaced_shrine,
          basic_altar, grunt_decor_fettered,
          nicolae_concentric_dashed_squares_mild, st_stairs_11, minmay_puff
D:3:      layout_loops_ring
D:4:      layout_gridville, overflow_temple_1_default,
          mainiacjoe_overflow_brackets, minmay_temple_entry_nine_rooms,
          st_stairs_4, nicolae_shop_unique_rings, minmay_misc_feat_rows,
          uniq_edmund
D:5:      layout_loops_corners

Skill      XL: |  1  2  3  4  5  6  7  8 |
---------------+-------------------------+-----
Earth Magic    | 4 5 6 7 |  7.8
Conjurations   | 2 3 4 5 6 |  6.3
Spellcasting   | 3 4 5 |  5.7
Dodging        | |  1.5
Stealth        | |  2.1

Action                     |  1- 3 |  4- 6 |  7- 9 || total
---------------------------+-------+-------+-------++-------
  Melee: Unarmed           |    25 |       |       ||    25
         Dagger            |    11 |     4 |       ||    15
         Short sword       |       |    17 |     8 ||    25
         Staff             |       |       |    17 ||    17
   Cast: Sandblast         |    49 |    68 |    54 ||   171
         Stone Arrow       |       |     4 |    17 ||    21
    Use: Potion            |       |       |     3 ||     3
 Armour: Robe              |    31 |    35 |    62 ||   128
  Dodge: Dodged            |    35 |    40 |    45 ||   120

Table legend: (Time is in decaauts)
 A = Elapsed time spent in this place.
 B = Non-inter-level travel time spent in this place.
 C = Inter-level travel time spent in this place.
 D = Time resting spent in this place.
 E = Time spent auto-exploring this place.
 F = Levels seen in this place.
 G = Mean time per level.
                   A        B        C        D        E       F      G
               +--------+--------+--------+--------+--------+-----+--------+
         Total |   4952 |   4774 |    178 |    398 |   3443 |   5 |  990.4 |
       Dungeon |   4952 |   4774 |    178 |    398 |   3443 |   5 |  990.4 |
               +--------+--------+--------+--------+--------+-----+--------+

Top non-repeatable levels by time:
     D:2: 1354 daAuts
     D:4: 1142 daAuts
     D:3: 990 daAuts
     D:1: 803 daAuts
     D:5: 661 daAuts
